 Dungeon Crawl Stone Soup version 0.27.1-34-g3ba077fa99 (webtiles) character file.

Game seed: 13632174689652776653

263 shadowrider38 the Shield-Bearer (level 5, -1/47 HPs)
             Began as a Minotaur Fighter on Jan 7, 2022.
             Slain by Edmund (10 damage)
             ... on level 4 of the Dungeon.
             The game lasted 00:03:57 (3239 turns).

shadowrider38 the Shield-Bearer (Minotaur Fighter)  Turns: 3239, Time: 00:03:57

Health: -1/47      AC:  8    Str: 21    XL:     5   Next: 98%
Magic:  4/4        EV:  8    Int:  5    God:
Gold:   136        SH:  9    Dex: 10    Spells: 4/4 levels left

rFire    . . .     SeeInvis +   a - +0 war axe
rCold    . . .     Faith    .   c - +0 kite shield
rNeg     . . .     Spirit   .   b - +0 scale mail
rPois    +         Reflect  .   (helmet restricted)
rElec    .         Harm     .   i - +0 cloak
rCorr    .         Rampage  .   (no gloves)
Will     .....                  (no boots)
Stlth    ..........             (no amulet)
HPRegen  0.15/turn              t - ring of see invisible
MPRegen  0.09/turn              l - ring of poison resistance

@: no status effects
A: horns 2, retaliatory headbutt
a: no special abilities


You were on level 4 of the Dungeon.
You visited 1 branch of the dungeon, and saw 4 of its levels.

You collected 136 gold pieces.

Inventory:

Hand Weapons
 a - a +0 war axe (weapon)
Missiles
 j - 2 silver javelins (quivered)
 v - 4 poisoned darts
Armour
 b - a +0 scale mail (worn)
 c - a +0 kite shield (worn)
 i - a +0 cloak (worn)
Jewellery
 l - a ring of poison resistance (right hand)
 t - a ring of see invisible (left hand)
Wands
 q - a wand of polymorph (7)
Scrolls
 k - 2 scrolls of teleportation {unknown}
 p - a scroll of fog {unknown}
 r - a scroll of amnesia {unknown}
 s - a scroll of magic mapping {unknown}
 u - a scroll of identify {unknown}
Potions
 d - a potion of might
 e - a potion of curing
 f - a potion of attraction {unknown}
 g - a potion of resistance {unknown}
 h - a potion of cancellation {unknown}
 m - 2 potions of heal wounds {unknown}
 n - 2 potions of lignification {unknown}
 o - a potion of ambrosia {unknown}


   Skills:
 + Level 4.7 Fighting
 + Level 4.0 Axes
 + Level 4.8 Armour
 + Level 2.6 Dodging
 + Level 4.9 Shields


You had 4 spell levels left.
You didn't know any spells.
Your spell library contained the following spells:

 Spells                   Type           Power      Damage    Failure   Level
 Magic Dart               Conj           0%         1d3       99%         1
 Slow                     Hex            0%         N/A       100%        2
 Confusing Touch          Hex            0%         N/A       100%        3
 Summon Guardian Golem    Hex/Summ       0%         N/A       100%        3
 Yara's Violent Unravell  Hex/Tmut       0%         3d3       100%        5
 Orb of Destruction       Conj           0%         N/A       100%        7
 Spellforged Servitor     Conj/Summ      0%         N/A       100%        7


Dungeon Overview and Level Annotations

Branches:
Dungeon (4/15)
 Temple: D:4-7

Altars:
Uskayaw

Shops:
D:1 (

Annotations:
D:4 Edmund


Innate Abilities, Weirdness & Mutations

You have a pair of horns on your head.
You reflexively headbutt those who attack you in melee.


Message History

Edmund hits you with a +6 flail of holy wrath!
Edmund completely misses you. You furiously retaliate!
You headbutt Edmund!
You are too injured to fight recklessly!
You are too injured to fight recklessly!
You are too injured to fight recklessly!
You are too injured to fight recklessly!
You are too injured to fight recklessly!
You are too injured to fight recklessly!
You are too injured to fight recklessly!
You are too injured to fight recklessly!
You are too injured to fight recklessly!
You are too injured to fight recklessly!
You are too injured to fight recklessly!
You are too injured to fight recklessly!
You are too injured to fight recklessly!
You are too injured to fight recklessly!
You are too injured to fight recklessly!
You are too injured to fight recklessly!
You are too injured to fight recklessly!
You are too injured to fight recklessly!
You are too injured to fight recklessly!
You are too injured to fight recklessly!
You are too injured to fight recklessly!
You are too injured to fight recklessly!
You are too injured to fight recklessly!
You barely miss Edmund. You headbutt Edmund!
Edmund is heavily wounded.
Edmund drinks a potion.
Edmund is healed!
You hit Edmund. You headbutt Edmund, but do no damage.
Edmund is heavily wounded.
Edmund hits you with a +6 flail of holy wrath!
* * * LOW HITPOINT WARNING * * *
Edmund hits you with a +6 flail of holy wrath.
* * * LOW HITPOINT WARNING * * *
You slash Edmund! Your headbutt misses Edmund.
Edmund is severely wounded.
Edmund hits you with a +6 flail of holy wrath.
* * * LOW HITPOINT WARNING * * *
Edmund hits you with a +6 flail of holy wrath!
You die...

#.# #########+
#.# #.###
#.#.##
######....####
..............+
######.#...##>#
#.##..##.#
#.....##@#
#..#####@# #..
#.# #. ..# ##
###


You could see Edmund.

Vanquished Creatures
  Jessica (D:2)
  2 orc wizards (D:3)
  A hound skeleton (D:4)
  Robin (D:2)
  A gnoll (D:1)
  4 adders
  2 worms
  A dart slug (D:1)
  5 orcs (D:3)
  7 endoplasms
  5 giant cockroaches
  12 hobgoblins
  7 jackals
  8 kobolds
  4 quokkas
  6 ball pythons
  12 bats
  2 frilled lizards (D:1)
  14 goblins
  5 rats
100 creatures vanquished.

Vanquished Creatures (others)
  A fungus (D:3)
  A plant (D:3)
2 creatures vanquished.

Grand Total: 102 creatures vanquished

Notes
Turn   | Place    | Note
-------+----------+-------------------------------------------
     0 | D:1      | shadowrider38 the Minotaur Fighter began the quest for the
                  | Orb.
     0 | D:1      | Reached XP level 1. HP: 19/19 MP: 0/0
    60 | D:1      | Reached XP level 2. HP: 11/27 MP: 1/1
   267 | D:1      | Reached skill level 1 in Dodging
   429 | D:1      | Reached XP level 3. HP: 31/33 MP: 2/2
   532 | D:1      | Found Ametzaso's Antique Weapon Shop.
   810 | D:2      | Identified the +0 helmet "Ruococa" {rPois Slay+2 Stlth+}
   810 | D:2      | Noticed Robin
  1084 | D:2      | Noticed Jessica
  1090 | D:2      | Killed Jessica
  1091 | D:2      | Reached XP level 4. HP: 25/40 MP: 3/3
  1461 | D:2      | Killed Robin
  1734 | D:2      | Reached XP level 5. HP: 47/47 MP: 4/4
  1891 | D:2      | Found a hide-covered altar of Uskayaw.
  2927 | D:3      | Found a faded altar of an unknown god.
  2931 | D:3      | Got Plato's Tome of Confrontation
  3228 | D:4      | Noticed Edmund
  3239 | D:4      | Slain by Edmund

Illustrated notes

Levels and vault maps discovered:
D:1:      amcnicky_arrival_single_pillar, layout_rooms, serial_glass,
          glass_columns_a, glass_columns_b, item_on_display_a,
          due_unseen_surprise, minmay_strange_pillars, item_on_display_a,
          serial_shops, shop
D:2:      layout_basic, basic_altar, uniq_robin, uniq_jessica
D:3:      layout_rooms, shapermc_ecumenical_altar_rom_forum
D:4:      layout_loops_corners, minmay_fractal_squares_5, uniq_duvessa,
          uniq_pikel, uniq_edmund, uniq_eustachio, uniq_menkaure

Skill      XL: |  1  2  3  4  5 |
---------------+----------------+-----
Dodging        | 1 2 |  2.6
Shields        | 4 |  4.9
Fighting       | 4 |  4.7
Armour         | 4 |  4.8
Axes           | 3 4 |  4.0

Action                   |  1- 3 |  4- 6 || total
-------------------------+-------+-------++-------
Melee: War axe           |    65 |   120 ||   185
       Headbutt          |    11 |    33 ||    44
Armor: Scale mail        |    30 |    59 ||    89
Dodge: Dodged            |    23 |    54 ||    77
Block: Kite shield       |    43 |    91 ||   134
